 Dungeon Crawl Stone Soup version 0.30-a0-576-g89cddaab80 (webtiles) character file.

Game seed: 12025137982226572646

98 HoaS the Shooter (level 4, -7/26 HPs)
             Began as a Tengu Hunter on Dec 30, 2022.
             Mangled by Crazy Yiuf
             ... wielding a +4 quarterstaff of chaos
              (13 damage)
             ... on level 2 of the Dungeon.
             The game lasted 00:03:34 (2514 turns).

HoaS the Shooter (Tengu Hunter)                     Turns: 2514, Time: 00:03:35

Health: -7/26      AC:  5    Str: 11    XL:     4   Next: 69%
Magic:  0/5        EV: 12    Int:  9    God:
Gold:   76         SH:  0    Dex: 20    Spells: 3/3 levels left

rFire   . . .      SeeInvis .    a - +0 shortbow
rCold   . . .      Faith    .    (shield currently unavailable)
rNeg    . . .      Spirit   .    c - +0 leather armour
rPois   .          Reflect  .    (helmet restricted)
rElec   .          Harm     .    m - +1 cloak
rCorr   .          Rampage  .    (no gloves)
Will    .....                    (boots unavailable)
Stlth   ++                       (no amulet)
HPRegen 0.24/turn                d - ring of flight
MPRegen 0.09/turn                (no ring)

@: flying
A: beak, talons 3
a: no special abilities


You were on level 2 of the Dungeon.
You visited 1 branch of the dungeon, and saw 4 of its levels.

You collected 76 gold pieces.

Inventory:

Hand Weapons
 a - a +0 shortbow (weapon)
Armour
 c - a +0 leather armour (worn)
 m - a +1 cloak (worn)
Jewellery
 d - a ring of flight (left hand)
Scrolls
 b - 2 scrolls of immolation
Potions
 e - 3 potions of curing {unknown}
 f - a potion of magic {unknown}
 g - 4 potions of might {unknown}
 h - a potion of lignification {unknown}
 j - a potion of flight {unknown}
 k - a potion of cancellation {unknown}
 l - a potion of haste {unknown}


   Skills:
 - Level 2.0 Fighting
 + Level 6.5 Ranged Weapons
 - Level 2.1 Dodging
 - Level 1.0 Stealth


You had 3 spell levels left.
You didn't know any spells.
Your spell library was empty.

Dungeon Overview and Level Annotations

Branches:
Dungeon (4/15)
 Temple: D:4-7

Altars:

Annotations:
D:2 Crazy Yiuf
D:4 exclusion: gnoll bouda


Innate Abilities, Weirdness & Mutations

You have a beak for a mouth.
You have claws for feet.


Message History

r - Retreat! s - Stop attacking. g - Guard the area. f - Follow me.
Anything else - Cancel.
You shout for attention!
What are your orders? t - Shout!
Orders for allies: a - Attack new target. r - Retreat! s - Stop attacking. g - Guard the area. f - Follow me.
Anything else - Cancel.
You shout for attention!
What are your orders? t - Shout!
Orders for allies: a - Attack new target. r - Retreat! s - Stop attacking. g - Guard the area. f - Follow me.
Anything else - Cancel.
Okay, then.
You reach down and open the door.
You shoot an arrow. The arrow barely misses Crazy Yiuf.
Crazy Yiuf screams, "Candle seventy canine!"
Crazy Yiuf hits you with a +4 quarterstaff of chaos.
Crazy Yiuf freezes you.
You shoot an arrow. The arrow completely misses Crazy Yiuf.
Crazy Yiuf barely misses you.
Crazy Yiuf hits you with a +4 quarterstaff of chaos.
You shoot an arrow. The arrow hits Crazy Yiuf.
Crazy Yiuf is lightly wounded.
Crazy Yiuf hits you with a +4 quarterstaff of chaos!
Ouch! That really hurt!
* * * LOW HITPOINT WARNING * * *
You feel your power leaking away.
You shoot an arrow. The arrow hits Crazy Yiuf!
Crazy Yiuf is severely wounded.
Crazy Yiuf hits you but does no damage.
You shoot an arrow. The arrow hits Crazy Yiuf.
Crazy Yiuf is almost dead.
Crazy Yiuf hits you with a +4 quarterstaff of chaos!
Ouch! That really hurt!
You die...

###.....#.#.#
#.# #.# #.
##...##..##
### #.# #.
##.######
###.####. #.#
#####
#.....##. #.#
#..)#
#.#.#.##.
##'## #...#
#.#.#.###
##...## ...
#...#.#
##.....## #g#
#..##.#
##.......##
##@#
##.#.#.##
#.........##
#.##
###.###...##
+.........'#
##.# #..##
##....
#.........##
#.## #.##
##...
##.......##
##.## ##.##
##.#..
##.....##
#...##
##.###.###.
##...##
#....#
##.#.####.
##'## #....#
##.###...
##.## #....#
### #.#.


You could see Crazy Yiuf.

Vanquished Creatures
  Jessica (D:2)
  3 gnolls (D:2)
  An adder (D:3)
  3 bats (D:2)
  An endoplasm (D:1)
  3 giant cockroaches
  2 goblins
  3 hobgoblins
  3 jackals (D:3)
  4 kobolds (D:1)
  A quokka (D:3)
  2 ball pythons
  4 frilled lizards
  A spectral hobgoblin (D:3)
  A bush (D:1)
33 creatures vanquished.

Vanquished Creatures (others)
  2 plants (D:1)
2 creatures vanquished.

Grand Total: 35 creatures vanquished

Notes
Turn   | Place    | Note
-------+----------+-------------------------------------------
     0 | D:1      | HoaS the Tengu Hunter began the quest for the Orb.
     0 | D:1      | Reached XP level 1. HP: 12/12 MP: 2/2
   276 | D:1      | Reached XP level 2. HP: 17/17 MP: 3/3
   518 | D:1      | Reached skill level 5 in Ranged Weapons
  1331 | D:2      | Noticed Jessica
  1336 | D:2      | Killed Jessica
  1337 | D:2      | Reached XP level 3. HP: 21/21 MP: 4/4
  1595 | D:2      | Found a runed translucent door.
  1596 | D:2      | Noticed Crazy Yiuf
  1937 | D:2      | Reached skill level 6 in Ranged Weapons
  1937 | D:2      | Reached XP level 4. HP: 21/26 MP: 5/5
  2057 | D:2      | You are sucked into a shaft and drop 2 floors!
  2180 | D:3      | Found a faded altar of an unknown god.
  2514 | D:2      | Mangled by Crazy Yiuf

Illustrated notes

Levels and vault maps discovered:
D:1:      roderic_crop_circles_arrival_large, layout_basic, serial_forest,
          infiniplex_forest_clump_C, infiniplex_forest_end_2,
          infiniplex_forest_end_1, infiniplex_forest_end_2,
          infiniplex_forest_lined_corner, infiniplex_forest_clump_long
D:2:      layout_loops_corners, nrook_mini_backslash, minmay_quantized,
          uniq_jessica, uniq_crazy_yiuf_cottage
D:3:      layout_basic, mainiacjoe_overflow_alcove_4,
          chequers_temple_overflow_minitemple,
          dreamdust_ecumenical_altar_drowned_temple, minmay_goblin_kobold_house
D:4:      cheibrodos_old_hovel, layout_rooms, nicolae_gozag_seed_capital,
          bloody_makhleb, temple_pool_b, serial_curves, eino_curves_04,
          eino_curves_04, eino_curves_03

Skill      XL: |  1  2  3 |
---------------+----------+-----
Ranged Weapons | 5 6 |  6.5
Fighting       | |  2.0
Dodging        | |  2.1
Stealth        | |  1.0

Action                   |  1- 3 |  4- 6 || total
-------------------------+-------+-------++-------
 Fire: Shortbow          |   131 |    36 ||   167
  Use: Scroll            |     3 |     1 ||     4
Armor: Leather armour    |     6 |     3 ||     9
Dodge: Dodged            |    23 |     9 ||    32

Table legend: (Time is in decaauts)
 A = Elapsed time spent in this place.
 B = Non-inter-level travel time spent in this place.
 C = Inter-level travel time spent in this place.
 D = Time resting spent in this place.
 E = Time spent auto-exploring this place.
 F = Levels seen in this place.
 G = Mean time per level.
                   A        B        C        D        E       F      G
               +--------+--------+--------+--------+--------+-----+--------+
         Total |   2559 |   2495 |     64 |    109 |   2044 |   4 |  639.8 |
       Dungeon |   2559 |   2495 |     64 |    109 |   2044 |   4 |  639.8 |
               +--------+--------+--------+--------+--------+-----+--------+

Top non-repeatable levels by time:
     D:1: 1203 daAuts
     D:2: 1192 daAuts
     D:3: 153 daAuts
     D:4: 9 daAuts
